Map: Orbital Shipyard

Players

Miszu - Winner!

  • Race: Terran Terran
  • League: Grandmaster

Indy

  • Race: Protoss Protoss
  • League: Grandmaster

VOD

Have the link to the VOD?

Description

Time

  • Played on: Feb. 13, 2016, 6:09 p.m.
  • Length: 21:36
Show
View Real Time Build Order
Export as new Build Order

Miszu Terran - Winner!

Build Orders: Command Center First (CC), MMM Bio 

Get SALT Encoding   

  12  0:01  SCV  
  13  0:13  SCV  
  14  0:18  Supply Depot  
  14  0:25  SCV  
  15  0:39  SCV  
  16  0:51  SCV  
  17  0:59  Command Center  
  17  1:03  SCV  
  18  1:14  Barracks  
  18  1:15  SCV  
  19  1:28  SCV  
  19  1:32  Barracks  
  20  1:40  SCV  
  20  1:45  Barracks  
  21  1:52  SCV  
  22  2:04  Marine, Orbital Command  
  23  2:11  Orbital Command  
  23  2:19  Marine  
  23  2:22  Marine  
  25  2:30  SCV  
  25  2:33  Refinery, Marine  
  25  2:34  Refinery  
  25  2:37  Marine, SCV  
  27  2:40  Marine  
  27  2:44  SCV  
  31  2:49  SCV  
  31  2:51  Supply Depot, Marine  
  32  2:56  SCV  
  32  2:58  Marine  
  35  2:59  Marine  
  35  3:01  SCV  
  35  3:05  Supply Depot  
  37  3:08  SCV  
  37  3:12  Marine  
  39  3:13  SCV  
  39  3:16  Marine, Barracks Tech Lab  
  41  3:21  SCV  
  41  3:25  SCV  
  43  3:30  Marine  
  43  3:33  SCV  
  45  3:34  Marine x2  
  45  3:35  Stimpack  
  45  3:37  SCV  
  45  3:39  Supply Depot  
  48  3:46  SCV  
  48  3:47  Marine  
  50  3:49  SCV  
  50  3:52  Marine x2  
  50  3:55  Factory  
  53  3:58  SCV  
  53  4:01  SCV  
  55  4:05  Marine  
  56  4:10  Marine x2, SCV  
  56  4:11  Refinery  
  56  4:12  Engineering Bay  
  56  4:14  SCV  
  60  4:20  Supply Depot  
  60  4:22  SCV  
  60  4:23  Marine  
  62  4:41  Marine x2, Factory Reactor  
  62  4:42  Marauder, SCV x2  
  62  4:43  Supply Depot, Starport, Missile Turret  
  62  4:45  Missile Turret  
  68  4:50  Terran Infantry Weapons Level 1  
  68  4:54  SCV x2  
  70  5:05  Marine  
  70  5:06  SCV x2  
  76  5:08  Supply Depot  
  76  5:13  Liberator x2  
  76  5:14  Command Center  
  73  5:18  SCV x2  
  75  5:24  Refinery  
  75  5:30  SCV  
  86  5:38  SCV  
  86  5:39  Supply Depot  
  86  5:41  Barracks Reactor  
  86  5:42  Supply Depot  
  84  5:43  Barracks Tech Lab  
  84  5:48  Barracks  
  84  5:49  SCV  
  84  5:50  Barracks  
  84  5:51  SCV  
  85  6:01  Marauder  
  87  6:05  Combat Shields  
  87  6:07  SCV  
  87  6:08  SCV  
  87  6:10  Supply Depot x2  
  89  6:13  Medivac x2  
  93  6:19  Marauder  
  93  6:20  Marine x2, Concussive Shells  
  93  6:21  SCV  
  98  6:29  Orbital Command  
  98  6:32  SCV  
  99  6:34  SCV  
  99  6:36  Refinery, Marauder, Marine  
  99  6:39  Refinery  
  102  6:44  Terran Infantry Armor Level 1, SCV, Medivac  
  102  6:45  Medivac  
  106  6:58  SCV x3  
  109  7:10  SCV x2  
  109  7:11  SCV  
  109  7:12  Marine  
  109  7:13  Marauder  
  109  7:14  Marine x2, Marauder  
  119  7:22  SCV x2  
  118  7:23  SCV  
  118  7:24  Liberator x2  
  120  7:30  Fusion Core  
  120  7:31  Marine  
  120  7:32  Barracks Reactor, Starport, Barracks Tech Lab  
  120  7:34  Marauder  
  123  7:38  Supply Depot  
  123  7:40  Supply Depot  
  123  7:41  Supply Depot  
  123  7:42  Factory Tech Lab  
  123  7:44  SCV  
  126  7:48  Command Center  
  126  7:49  Marine, Marauder  
  129  7:51  Marine  
  129  7:52  Marauder  
  132  7:59  Supply Depot  
  132  8:00  Marauder  
  132  8:02  Supply Depot  
  132  8:03  Supply Depot  
  132  8:04  Liberator  
  134  8:06  Liberator  
  134  8:07  Liberator  
  134  8:10  Marauder  
  134  8:11  Marine x2  
  134  8:12  Marine  
  139  8:13  Marauder  
  141  8:21  Advanced Ballistics  
  141  8:25  Supply Depot  
  141  8:26  Supply Depot  
  150  8:34  Marine x5, Marauder  
  157  8:41  Marauder  
  157  8:47  Liberator  
  159  8:49  Liberator  
  159  8:50  Liberator  
  159  8:52  Marine, Barracks  
  159  8:53  Barracks x2, Marauder  
  164  8:56  Marauder  
  171  9:23  Marine x3, Marauder x3  
  171  9:24  Marine  
  181  9:28  Engineering Bay  
  181  9:29  Armory  
  181  9:30  Liberator  
  181  9:32  Liberator  
  181  9:34  Liberator  
  181  9:41  Marine  
  181  9:44  Marauder  
  183  9:47  Barracks Tech Lab  
  183  9:52  Marine, Marauder  
  193  10:00  Marine  
  193  10:01  Marine x2, Marauder  
  193  10:06  Marauder  
  200  10:24  Command Center  
  198  10:57  Terran Infantry Armor Level 2  
  198  10:58  Terran Infantry Weapons Level 2  
  198  11:00  Supply Depot  
  198  11:01  Supply Depot  
  198  11:08  Marine x3  
  198  11:09  Marine x2  
  198  11:10  Marine  
  197  11:21  Marine  
  197  11:22  Marauder  
  200  11:26  Liberator x3  
  193  11:39  Marine  
  162  11:40  Marine x7, Marauder  
  162  11:42  Marine  
  171  11:57  Marine  
  171  11:58  Marine x7  
  171  12:00  Marine  
  171  12:01  Marine  
  181  12:09  Liberator x3  
  181  12:15  Marine x5  
  182  12:16  Marine x3  
  182  12:18  Marine  
  182  12:19  Marauder  
  148  12:33  Marine x3  
  148  12:34  Marauder x2  
  148  12:36  Marauder  
  136  12:38  Marine  
  136  12:39  Marine  
  136  12:40  Marauder  
  136  12:43  Marine  
  138  12:47  SCV  
  138  12:51  Marine x3  
  140  12:52  Liberator x3  
  140  12:55  Marine, Marauder x2  
  140  12:57  Marine  
  140  12:58  Marauder  
  150  13:01  Marine x2  
  152  13:08  Marine  
  152  13:09  Marine x2  
  164  13:13  Marine  
  164  13:15  Marine  
  164  13:16  Marine  
  164  13:17  Marauder  
  164  13:19  Marine x2, Marauder  
  173  13:24  Refinery  
  173  13:26  Marine, Refinery  
  174  13:32  Marine  
  175  13:35  Marauder, Liberator x3  
  175  13:36  Marine  
  175  13:37  Marauder  
  175  13:38  Marauder  
  181  13:44  Marauder  
  188  14:10  Marauder  
  189  14:17  Liberator  
  189  14:18  Liberator  
  157  14:35  Marine x2, Marauder  
  157  14:36  Marine x6  
  169  14:50  Marauder  
  171  14:53  Marine  
  171  14:54  Orbital Command  
  169  15:03  Medivac  
  167  15:10  Marine x3, Marauder  
  167  15:11  Marine x6  
  178  15:17  Medivac  
  178  15:18  Medivac  
  182  15:28  Marine x6  
  184  15:29  Marine, Marauder  
  184  15:33  Medivac  
  192  15:40  Marine, Marauder  
  195  15:52  Marauder  
  170  16:40  Liberator x2  
  164  17:08  Marine  
  164  17:09  Marine  
  164  17:10  Marine x5, Marauder  
  164  17:14  Medivac, Orbital Command  
  172  17:29  Liberator  
  147  17:36  Marauder  
  122  17:38  Marauder  
  126  17:54  Marine  
  126  17:55  Marauder  
  126  17:58  Marine, Marauder  
  132  18:08  Liberator  
  132  18:09  Liberator, SCV x2  
  132  18:12  Liberator  
  143  18:45  Marine, Marauder x2  
  112  19:07  Marine  
  112  19:08  Marauder, Liberator  
  112  19:09  Liberator x2  
  104  19:16  Orbital Command  
  100  19:25  Marine, Marauder  
  112  19:33  Marauder  
  114  19:41  Marine  
  114  19:43  Marine  
  114  19:44  Marine  
  117  19:50  Marauder  
  117  19:51  Liberator  
  117  19:52  Liberator x2  
  119  19:58  Marine, Marauder  
  119  20:11  Marine, Marauder  
  128  20:18  Barracks Tech Lab  
  128  20:20  Marine, Marauder  
  131  20:21  Marine  
  131  20:22  Marine x3, Marauder  
  137  20:28  Bunker, Marine  
  137  20:31  Marine  
  137  20:32  Marine  
  137  20:34  Liberator x3  
  140  20:38  Marine  
  140  20:39  Marine  
  140  20:40  Marine x3  
  140  20:42  Marauder  
  147  20:43  Marauder  
  147  20:47  Marine  
  150  20:50  Marauder  
  150  20:53  Marine  
  150  20:56  Marine  
  163  20:57  Marine x3  
  163  21:03  Marauder  
  144  21:16  SCV  
  144  21:18  SCV  
Show
View Real Time Build Order
Export as new Build Order

Indy Protoss 

Build Orders: 1 Gate Expand 

Get SALT Encoding   

  12  0:00  Probe (Chrono Boost)  
  13  0:11  Probe (Chrono Boost)  
  14  0:18  Pylon  
  14  0:21  Probe (Chrono Boost)  
  15  0:36  Gateway, Probe (Chrono Boost)  
  15  0:42  Assimilator  
  16  0:46  Probe (Chrono Boost)  
  17  0:57  Probe (Chrono Boost)  
  18  1:08  Probe (Chrono Boost)  
  19  1:27  Nexus  
  19  1:29  Cybernetics Core  
  19  1:32  Probe (Chrono Boost)  
  20  1:37  Assimilator  
  20  1:42  Probe (Chrono Boost)  
  21  1:50  Pylon  
  21  1:53  Probe (Chrono Boost)  
  22  2:03  Probe (Chrono Boost)  
  22  2:06  Warp Gate  
  25  2:08  Adept  
  25  2:14  Probe (Chrono Boost)  
  26  2:25  Probe (Chrono Boost)  
  26  2:27  Twilight Council  
  27  2:35  Adept, Probe (Chrono Boost)  
  30  2:39  Probe (Chrono Boost)  
  31  2:46  Probe (Chrono Boost)  
  31  2:50  Probe (Chrono Boost)  
  33  2:56  Probe (Chrono Boost)  
  34  3:00  Probe (Chrono Boost)  
  34  3:02  Resonating Glaives  
  35  3:07  Probe (Chrono Boost)  
  35  3:11  Probe (Chrono Boost)  
  37  3:17  Probe (Chrono Boost)  
  38  3:21  Probe (Chrono Boost)  
  38  3:24  Nexus  
  39  3:28  Probe (Chrono Boost)  
  39  3:32  Probe (Chrono Boost)  
  39  3:33  Pylon  
  41  3:39  Mothership Core (Chrono Boost)  
  43  3:43  Probe (Chrono Boost)  
  43  3:45  Pylon  
  44  3:53  Probe (Chrono Boost)  
  45  3:57  Probe (Chrono Boost)  
  46  4:03  Gateway  
  46  4:04  Gateway, Probe (Chrono Boost)  
  46  4:05  Gateway  
  46  4:07  Probe (Chrono Boost)  
  46  4:09  Robotics Facility  
  48  4:14  Probe (Chrono Boost)  
  49  4:18  Probe (Chrono Boost)  
  49  4:20  Assimilator  
  49  4:21  Assimilator  
  50  4:25  Probe (Chrono Boost)  
  50  4:29  Probe (Chrono Boost)  
  52  4:35  Probe (Chrono Boost)  
  52  4:36  Probe (Chrono Boost)  
  54  4:39  Pylon, Probe (Chrono Boost)  
  54  4:40  Stalker  
  54  4:43  Blink (Chrono Boost)  
  54  4:44  Probe  
  57  4:48  Probe  
  57  4:50  Pylon, Probe  
  57  4:51  Pylon  
  60  4:54  Probe  
  60  4:56  Observer  
  60  4:59  Probe  
  62  5:02  Probe  
  62  5:04  Stalker x3  
  62  5:05  Probe  
  71  5:11  Pylon  
  71  5:12  Probe  
  71  5:13  Gateway  
  72  5:14  Probe  
  72  5:16  Probe  
  74  5:22  Pylon  
  74  5:23  Probe  
  74  5:24  Observer (Chrono Boost)  
  74  5:26  Probe x2  
  78  5:34  Probe  
  79  5:35  Robotics Bay  
  79  5:37  Assimilator, Probe  
  79  5:39  Assimilator, Pylon, Probe  
  81  5:43  Robotics Facility  
  81  5:45  Observer (Chrono Boost)  
  81  5:48  Stalker x2  
  81  5:49  Probe x2  
  86  5:51  Probe  
  89  6:01  Gateway  
  89  6:05  Gateway  
  89  6:07  Gateway x2  
  89  6:12  Forge  
  89  6:13  Forge  
  89  6:16  Pylon  
  89  6:25  Disruptor (Chrono Boost)  
  92  6:27  Adept  
  92  6:28  Adept x3  
  100  6:40  Protoss Ground Armor Level 1 (Chrono Boost)  
  100  6:41  Protoss Ground Weapons Level 1 (Chrono Boost)  
  100  6:44  Stalker  
  100  6:45  Pylon  
  100  6:46  Pylon  
  102  6:49  Stalker x4  
  110  7:08  Probe x2  
  110  7:09  Adept x5  
  110  7:10  Probe  
  122  7:19  Probe x2  
  122  7:22  Probe  
  123  7:34  Colossus (Chrono Boost)  
  123  7:35  Extended Thermal Lance  
  135  7:41  Colossus (Chrono Boost)  
  135  7:49  Stalker  
  135  7:50  Stalker x6  
  149  7:52  Pylon  
  149  7:54  Pylon  
  149  8:07  Pylon  
  149  8:10  Photon Cannon  
  149  8:13  Photon Cannon  
  147  8:21  Colossus (Chrono Boost)  
  153  8:27  Colossus (Chrono Boost)  
  153  8:29  Nexus  
  153  8:33  Pylon  
  159  8:38  Adept x6  
  171  8:52  Protoss Ground Armor Level 2 (Chrono Boost)  
  171  8:55  Protoss Ground Weapons Level 2 (Chrono Boost)  
  171  8:58  Templar Archives  
  171  9:00  Charge  
  171  9:15  Warp Prism  
  173  9:20  Zealot x4  
  173  9:23  Photon Cannon  
  181  9:25  Photon Cannon  
  181  9:28  Assimilator  
  181  9:32  Assimilator  
  181  9:50  Stalker x3  
  187  9:57  Zealot x4  
  195  10:35  High Templar x7  
  191  10:36  Psionic Storm  
  191  10:39  Photon Cannon  
  189  10:59  Stalker x2  
  189  11:20  Zealot  
  189  11:21  Zealot x2  
  194  11:32  Pylon  
  194  11:36  Nexus  
  194  11:38  Assimilator  
  153  11:40  Assimilator  
  153  11:44  Zealot x7  
  153  11:45  Colossus x2 (Chrono Boost), Zealot x2  
  166  11:52  Probe x3  
  166  11:54  Assimilator  
  169  12:05  Protoss Ground Armor Level 3  
  169  12:08  Stalker x9  
  133  12:41  Probe x2  
  134  12:44  Nexus, Probe  
  133  12:53  Probe  
  134  13:06  Stalker x4  
  134  13:07  Stalker x5  
  152  13:30  Zealot x9  
  170  13:35  Probe  
  179  14:09  Colossus (Chrono Boost)  
  174  14:11  Colossus (Chrono Boost)  
  174  14:19  Pylon  
  174  14:21  Pylon  
  174  14:22  Pylon  
  157  14:57  Nexus  
  155  15:02  High Templar  
  155  15:03  High Templar x3  
  155  15:05  Pylon  
  163  15:07  Pylon  
  155  15:36  High Templar x2  
  155  15:38  High Templar x3  
  116  16:45  Stalker  
  116  16:46  Stalker  
  96  16:59  Archon  
  88  17:11  Stalker x7  
  68  17:43  High Templar x3  
  68  17:44  High Templar x4  
  76  17:45  Colossus (Chrono Boost)  
  88  17:52  Nexus  
  88  17:54  Archon x3  
  88  18:08  Pylon  
  88  18:20  Pylon  
  87  18:32  Stalker x5  
  61  19:10  Zealot  
  61  19:11  Zealot x6  
  61  19:13  Assimilator x2  
  67  19:31  Assimilator  
  67  19:35  Zealot x7  
  81  19:55  Stalker x2  
  81  19:56  Stalker, Zealot x4  
  91  20:26  Stalker  
  91  20:27  Stalker x4  
  101  20:29  Zealot x2  
  105  20:49  Stalker x2  
  109  20:50  Stalker x3  
Tags
 
Add a new tag
Caveats
  • Supply blocks, unpowered buildings, or Contaminate may cause inaccurate times.
  • Supply counts are checked every 10 seconds.